 Dungeon Crawl Stone Soup version 0.17-a0-1954-g0dddeaa (webtiles) character file.

2915 4thArraOfDagon the Cleaver (level 9, -12/85 HPs)
             Began as a Naga Berserker on Oct 4, 2015.
             Was a Priest of Trog.
             Mangled by Grum
             ... wielding a +0 spear
              (16 damage)
             ... on level 9 of the Dungeon.
             The game lasted 00:11:59 (2294 turns).

4thArraOfDagon the Cleaver (Naga Berserker)         Turns: 2294, Time: 00:12:00

Health: -12/85     AC:  9    Str: 27    XL:     9   Next: 78%
Magic:  11/11      EV:  7    Int:  7    God:    Trog [***...]
Gold:   163        SH:  0    Dex: 12    Spells: 0 memorised, 8 levels left

rFire  . . .     SeeInvis +     p - +0 war axe
rCold  . . .     Clarity  .     l - +0 chain mail
rNeg   + + .     SustAt   .     (no shield)
rPois  +         Gourm    .     (helmet restricted)
rElec  .         Spirit   .     (no cloak)
rCorr  +         Warding  .     (no gloves)
rMut   .         Stasis   .     (no barding)
MR     +....                    F - amulet of Noyriaso {rCorr rN+}
Stlth  ..........               D - ring of positive energy
                                j - +5 ring of strength

@: exhausted, very slightly contaminated, slowed, invisible, very slow, somewhat
resistant to hostile enchantments, extremely unstealthy
A: horns 2, camouflage 1, see invisible, deformed body, poison resistance,
slowness 2, slow metabolism 1, spit poison 2, AC +3
a: Spit Poison, Burn Spellbooks, Berserk, Trog's Hand, Renounce Religion


You were on level 9 of the Dungeon.
You worshipped Trog.
Trog was most pleased with you.
You were very hungry.

You visited 1 branch of the dungeon, and saw 9 of its levels.

You collected 163 gold pieces.

Inventory:

Hand weapons
 p - a +0 war axe (weapon)
 s - the +8 mace "Litax" {crush, rElec rC- Stlth+}
   (You found it on level 5 of the Dungeon)

   It inflicts extra damage upon your enemies.
   It makes you vulnerable to cold.
   It insulates you from electricity.
   It makes you more stealthy.
Armour
 i - a +0 helmet
 l - a +0 chain mail (worn)
Jewellery
 j - a +5 ring of strength (left hand)
 w - an uncursed amulet of resist mutation
 B - a +6 ring of intelligence
 D - a ring of positive energy (right hand)
 F - the amulet of Noyriaso (around neck) {rCorr rN+}
   (You found it on level 9 of the Dungeon)

   [amulet of resist corrosion]

   It protects you from acid and corrosion.
   It protects you from negative energy.
Magical devices
 g - a wand of cold (8)
 u - a wand of teleportation (3)
 A - a wand of polymorph (14)
 C - a wand of polymorph (11)
 G - a wand of random effects (34)
Scrolls
 d - a scroll of random uselessness {unknown}
 e - 2 scrolls of recharging
 f - 4 scrolls of remove curse
 h - 2 scrolls of amnesia {unknown}
 y - a scroll of blinking {unknown}
 E - 3 scrolls of noise {unknown}
 H - a scroll of enchant weapon {unknown}
Potions
 n - a potion of heal wounds {unknown}
 o - a potion of flight {unknown}
 x - a potion of berserk rage {unknown}
 z - a potion of beneficial mutation
Books
 v - a book of Battle

   Spells                             Type                      Level
   a - Infusion                       Charms                       1
   b - Shroud of Golubria             Charms/Translocation         2
   c - Song of Slaying                Charms                       2
   d - Spectral Weapon                Hexes/Charms                 3
   e - Regeneration                   Charms/Necromancy            3
   Trog disapproves of the use of such an item.
Comestibles
 a - a slice of pizza
 c - 4 bread rations
 k - a royal jelly
 q - a fruit
 r - 3 chunks of flesh
 t - 2 meat rations


   Skills:
 + Level 6.9 Fighting
 * Level 9.7 Axes
 + Level 5.5 Armour
 - Level 1.5 Dodging
 + Level 2.9 Evocations


You had 8 spell levels left.
You didn't know any spells.

Dungeon Overview and Level Annotations

Branches:
Dungeon (9/15)
 Temple: D:4-7         Lair: D:8-11         Orc: D:9-12

Altars:
Kikubaaqudgha
Makhleb
Okawaru
Sif Muna
Trog

Annotations:
D:9 Grum


Innate Abilities, Weirdness & Mutations

You cannot wear boots.
Your serpentine skin is tough (AC +3).
You have supernaturally acute eyesight.
Armour fits poorly on your strangely shaped body.
Your system is resistant to poisons.
You cover ground very slowly.
You have a slow metabolism.
You can spit poison.
You have a pair of horns on your head.
Your skin changes colour to match your surroundings (Stealth).


Message History

You are exhausted.
You feel yourself slow down.
You are feeling very hungry.
Unknown command.
Unknown command.
Drink which item? (? for menu, Esc to quit)
Okay, then.
Evoke which item? (* to show all) (? for menu, Esc to quit)
Okay, then.
Drink which item? (? for menu, Esc to quit)
Okay, then.
Drink which item? (? for menu, Esc to quit)
It was a potion of invisibility.
You fade into invisibility!
You are very lightly contaminated with residual magic.
Unknown command.
Drink which item? (? for menu, Esc to quit)
It was a potion of poison.
You feel slightly nauseous. Grum closely misses you.
Grum hits you with a spear!
You die...

#.....####+####....
#.....########......#....
#.. .. #......#.... #.....
#......#.... #...#.
#......'.... #.....##
#+#......#....
##......#####........#####
.>....g.#...#.............
.......(#@..#......<......
........g...#.....#....###
#...#.###...#..........###
.....## #...'.............
. ...#_ #...#........#####
..## #.##...#........# .
#.'....#.####...#
#.##...#.# #...+ #_
#...#.# ..#


You could see Grum.

Vanquished Creatures
  The ghost of Multipenetrator the Skirmisher, an experienced FoAK of Lugonu (D:9)
  The ghost of Conn321 the Magician, an experienced OpWz (D:6)
  Grinder (D:3)
  The ghost of Conn321 the Sneak, an average OpWz (D:4)
  3 wolves (D:9)
  Edmund (D:5)
  A sky beast (D:9)
  A black bear (D:9)
  An ogre (D:7)
  A phantom (D:8)
  2 centaurs
  2 giant frogs
  6 orc priests
  2 giant frog zombies
  A hound (D:4)
  2 iguanas (D:6)
  A giant frog skeleton (D:5)
  A centaur skeleton (D:9)
  5 orc wizards
  2 worker ants (D:6)
  2 hound skeletons
  2 worker ant zombies (D:6)
  4 gnolls
  3 adders
  2 oozes
  An adder zombie (D:6)
  2 adder skeletons
  2 worms
  2 giant geckos
  22 orcs
  2 bats (D:1)
  3 giant cockroaches
  7 goblins
  A hobgoblin (D:2)
  16 jackals
  A quokka (D:8)
  3 giant newts
  3 kobolds
  3 rats (D:4)
117 creatures vanquished.

Notes
Turn   | Place    | Note
--------------------------------------------------------------
     0 | D:1      | 4thArraOfDagon the Naga Berserker began the quest for the Orb.
     0 | D:1      | Reached XP level 1. HP: 21/21 MP: 1/1
   104 | D:1      | Reached XP level 2. HP: 20/28 MP: 2/2
   209 | D:2      | Reached XP level 3. HP: 20/34 MP: 3/3
   343 | D:3      | Found a burning altar of Makhleb.
   398 | D:3      | Noticed Grinder
   407 | D:3      | Paralysed by Grinder for 2 turns
   411 | D:3      | Killed Grinder
   411 | D:3      | Acquired Trog's second power
   411 | D:3      | Reached skill level 4 in Fighting
   411 | D:3      | Reached skill level 5 in Axes
   411 | D:3      | Reached XP level 4. HP: 29/44 MP: 4/4
   411 | D:3      | Reached XP level 5. HP: 32/50 MP: 5/5
   411 | D:3      | Reached XP level 6. HP: 36/57 MP: 6/6
   482 | D:3      | Found a bloodstained altar of Trog.
   529 | D:3      | Found an ancient bone altar of Kikubaaqudgha.
   692 | D:4      | Noticed Conn321's ghost (average OpWz)
   701 | D:4      | Killed Conn321's ghost
   701 | D:4      | Reached skill level 6 in Axes
   701 | D:4      | Reached XP level 7. HP: 66/66 MP: 7/7
   738 | D:4      | Noticed a moth of wrath
   741 | D:4      | Found a bloodstained altar of Trog.
   906 | D:5      | Entered Level 5 of the Dungeon
   936 | D:5      | Noticed Edmund
   946 | D:5      | Killed Edmund
   985 | D:6      | Noticed Conn321's ghost (experienced OpWz)
  1004 | D:6      | Killed Conn321's ghost
  1004 | D:6      | Reached skill level 5 in Fighting
  1004 | D:6      | Reached skill level 7 in Axes
  1004 | D:6      | Reached XP level 8. HP: 74/74 MP: 8/8
  1066 | D:6      | Gained mutation: Your skin changes colour to match your surroundings (Stealth). [potion of mutation]
  1066 | D:6      | Gained mutation: You have a pair of small horns on your head. [potion of mutation]
  1066 | D:6      | Gained mutation: You have a pair of horns on your head. [potion of mutation]
  1150 | D:5      | Got a polished mace
  1151 | D:5      | Identified the +8 mace "Litax" {crush, rElec rC- Stlth+} (You found it on level 5 of the Dungeon)
  1335 | D:6      | Reached skill level 8 in Axes
  1591 | D:8      | Reached XP level 9. HP: 55/82 MP: 9/9
  1887 | D:8      | Reached skill level 5 in Armour
  1887 | D:8      | Reached skill level 1 in Evocations
  2061 | D:9      | Reached skill level 9 in Axes
  2076 | D:9      | Noticed Multipenetrator's ghost (experienced FoAK)
  2094 | D:9      | Killed Multipenetrator's ghost
  2208 | D:9      | Got a scorched jade amulet
  2209 | D:9      | Identified the amulet of Noyriaso {rCorr rN+} (You found it on level 9 of the Dungeon)
  2210 | D:9      | mmmm
  2270 | D:9      | Found an iron altar of Okawaru.
  2270 | D:9      | Found a deep blue altar of Sif Muna.
  2276 | D:9      | Noticed Grum
  2291 | D:9      | HP: 4/127 [Grum/spear (5)]
  2294 | D:9      | Mangled by Grum

Vault maps used:
D:1:      dpeg_arrival_stone_temple_mockup
D:2:      zin_angel, first_bread, kennysheep_another_room
D:3:      lemuel_upstairs_altar, lemuel_crystal_altar, bloody_makhleb,
          lemuel_doored_altar, uniq_grinder, uniq_natasha
D:4:      minmay_temple_entry_overgrown, portal_sewer_entry_e, tgw_trog
D:5:      nicolae_overflow_crystal_walls, uniq_edmund
D:7:      uniq_crazy_yiuf_cottage
D:8:      wad_crossroads
D:9:      gammafunk_temple_overflow_elements, uniq_grum

Action                   |  1- 3 |  4- 6 |  7- 9 || total
-------------------------+-------+-------+-------++-------
Melee: Hand axe          |    59 |    45 |       ||   104
       War axe           |       |     9 |   217 ||   226
       Mace              |       |       |     2 ||     2
Invok: Berserk           |     3 |     3 |    12 ||    18
       Trog's Hand       |       |     2 |     2 ||     4
 Abil: Spit Poison       |    15 |     5 |    12 ||    32
  Use: Potion            |     2 |       |     3 ||     5
       Scroll            |       |     2 |     4 ||     6
  Eat: Chunk             |     1 |     5 |    16 ||    22
       Fruit             |       |       |     2 ||     2
